Map: Tokamak LE

Players

anjin

  • Race: Terran Terran
  • League: Gold
  • Spawn Location: 1:00

Applepi - Winner!

  • Race: Zerg Zerg
  • League: Bronze
  • Spawn Location: 7:00

VOD

Have the link to the VOD?

Description

Time

  • Played on: May 9, 2025, 4:08 a.m.
  • Length: 11:01
Show
View Real Time Build Order
Export as new Build Order

anjin Terran 

Build Orders:  

Get SALT Encoding   

  12  0:00  SCV  
  13  0:20  Supply Depot  
  13  0:21  SCV  
  14  0:33  SCV  
  15  0:44  Barracks  
  15  0:53  SCV, Barracks  
  16  0:58  Refinery  
  16  1:05  SCV  
  17  1:17  SCV  
  18  1:29  SCV  
  19  1:37  Supply Depot  
  19  1:52  Command Center  
  19  1:53  Barracks Reactor  
  19  1:57  Barracks Tech Lab  
  19  2:00  SCV  
  20  2:11  Bunker  
  20  2:16  Marine  
  21  2:27  Refinery  
  21  2:33  Marine x2  
  21  2:34  Marine  
  24  2:49  Supply Depot  
  24  2:51  Orbital Command  
  24  3:01  Factory  
  24  3:18  Engineering Bay  
  24  3:19  Orbital Command  
  24  3:23  SCV  
  25  3:35  SCV  
  25  3:39  Marine  
  25  3:40  Marine x2  
  29  3:46  SCV  
  30  3:49  Stimpack  
  30  3:56  Starport  
  30  4:02  SCV  
  31  4:07  Engineering Bay  
  31  4:08  Factory Tech Lab  
  31  4:12  SCV  
  31  4:14  SCV  
  31  4:16  Terran Infantry Weapons Level 1  
  33  4:28  Siege Tank  
  36  4:35  Terran Infantry Armor Level 1  
  36  4:36  SCV  
  37  4:43  Barracks  
  37  4:44  SCV  
  38  4:48  SCV  
  38  4:49  Starport Reactor  
  39  4:56  SCV  
  39  4:57  Supply Depot  
  40  5:00  SCV  
  41  5:08  SCV  
  42  5:14  Marine x2  
  42  5:15  Marine  
  42  5:18  Refinery  
  42  5:20  SCV x2  
  47  5:23  Supply Depot  
  47  5:27  Medivac x2  
  51  5:31  Barracks Reactor  
  51  5:32  SCV, Marine x2  
  54  5:44  Refinery  
  54  5:49  Combat Shield  
  54  5:56  Armory  
  54  5:57  Marine  
  54  5:58  Marine x2  
  57  6:07  Marine x2  
  59  6:13  Liberator  
  59  6:15  Marine  
  59  6:16  Marine x2  
  65  6:29  Medivac  
  67  6:39  SCV x2  
  69  6:45  Marine  
  70  6:52  Supply Depot  
  70  6:56  Marine x4  
  70  6:58  Terran Infantry Weapons Level 2  
  70  6:59  Terran Infantry Armor Level 2  
  74  7:03  Marine  
  75  7:14  Marine x3  
  59  8:28  Marine  
  59  8:29  Marine  
  43  8:46  Marine x2  
  43  8:47  Barracks  
  43  8:48  Siege Tank  
  46  8:49  Barracks  
  46  8:51  Barracks  
  46  8:58  Barracks  
  46  8:59  Barracks  
  46  9:04  Marine x2  
  48  9:20  Siege Tank  
  48  9:21  Marine  
  48  9:22  Supply Depot, Marine  
  38  9:39  Marine  
  38  9:40  Marine  
  38  9:48  Supply Depot  
  38  9:52  Siege Tank  
  40  9:57  Marine  
  34  10:11  Marine x3  
  21  10:24  Siege Tank  
  21  10:27  Marine  
  21  10:29  Marine x2  
Show
View Real Time Build Order
Export as new Build Order

Applepi Zerg - Winner!

Build Orders: Pool First 

Get SALT Encoding   

  12  0:04  Drone  
  13  0:13  Overlord  
  13  0:16  Drone  
  14  0:32  Drone x2  
  16  0:41  Extractor  
  15  0:46  Drone  
  15  0:48  Spawning Pool  
  15  0:53  Drone  
  16  0:59  Overlord  
  16  1:12  Drone  
  17  1:27  Hatchery  
  17  1:28  Drone  
  17  1:35  Zergling x2  
  18  1:45  Queen  
  20  1:49  Drone  
  21  1:55  Drone  
  22  2:03  Drone  
  23  2:15  Drone  
  24  2:21  Queen  
  26  2:28  Drone  
  27  2:36  Drone  
  28  2:40  Drone  
  28  2:42  Queen  
  31  2:49  Overlord  
  31  2:54  Drone  
  32  3:05  Drone x3  
  35  3:08  Overlord  
  35  3:18  Queen  
  37  3:21  Evolution Chamber  
  37  3:22  Roach Warren  
  37  3:24  Drone x2  
  37  3:31  Drone x2  
  37  3:32  Drone  
  40  3:38  Drone x2  
  42  3:50  Lair  
  42  3:57  Extractor  
  41  4:05  Roach x5  
  41  4:07  Overlord x2  
  51  4:20  Zerg Missile Weapons Level 1  
  51  4:28  Drone x3  
  51  4:31  Roach x5  
  64  4:39  Overlord  
  64  4:40  Overlord  
  64  4:48  Roach  
  64  4:49  Roach  
  68  5:00  Drone  
  69  5:08  Roach x2  
  69  5:09  Roach x2  
  69  5:10  Roach x2  
  69  5:11  Overlord  
  69  5:12  Overlord  
  81  5:21  Drone x2  
  83  5:28  Glial Reconstitution  
  83  5:36  Roach x2  
  83  5:38  Zergling x2  
  83  5:39  Zergling x8  
  92  5:49  Overlord  
  92  5:52  Overlord  
  92  5:55  Zergling x2  
  92  5:56  Zergling x4  
  95  6:05  Roach x2  
  95  6:11  Drone  
  100  6:15  Zerg Melee Weapons Level 1  
  100  6:23  Overlord, Hatchery  
  100  6:24  Overlord  
  99  6:26  Roach  
  99  6:27  Roach x7  
  115  6:41  Overlord x2  
  115  6:44  Roach  
  117  6:56  Roach x6  
  129  7:02  Drone x2  
  131  7:12  Drone x2  
  133  7:16  Drone  
  133  7:21  Roach x3  
  140  7:27  Overlord  
  140  7:28  Overlord  
  140  7:36  Roach x3  
  146  7:37  Overlord  
  146  7:38  Overlord  
  146  7:49  Zergling x2  
  146  7:50  Zergling x10  
  152  7:58  Roach  
  152  7:59  Roach x3  
  152  8:00  Queen x2  
  155  8:16  Overlord  
  155  8:17  Overlord x3  
  151  8:22  Roach x5  
  143  8:33  Roach x2  
  143  8:34  Roach x4  
  131  8:42  Roach x2  
  127  8:49  Drone x2  
  127  8:50  Drone x2  
  127  8:52  Roach x2  
  127  8:53  Roach  
  135  9:00  Roach  
  137  9:19  Roach x2  
  137  9:20  Roach x3  
  137  9:22  Zergling x12  
  148  9:27  Roach  
  148  9:29  Zergling x4  
  148  9:30  Queen  
  143  9:45  Zergling x12  
  143  9:53  Roach x4  
  139  10:01  Roach x3  
  131  10:09  Roach x2  
  131  10:10  Zergling x2  
  131  10:12  Queen  
  138  10:19  Roach x2  
  138  10:20  Zergling x10  
Tags
 
Matchup
TvZ
Opening
Pool First
Spawn Locations
Cross Positions
Add a new tag
Caveats
  • Supply blocks, unpowered buildings, or Contaminate may cause inaccurate times.
  • Supply counts are checked every 10 seconds.